 Dungeon Crawl Stone Soup version 0.28-a0-69-g49dcd67cf8 (webtiles) character file.

Game seed: 6537623905724665984

203 popfantom the Ruffian (level 5, -2/53 HPs)
             Began as a Troll Berserker on July 31, 2021.
             Was a Believer of Trog.
             Slain by Grinder (3 damage)
             ... while paralysed by Grinder
             ... on level 3 of the Dungeon.
             The game lasted 00:10:26 (2123 turns).

popfantom the Ruffian (Troll Berserker)             Turns: 2123, Time: 00:10:26

Health: -2/53      AC:  6    Str: 26    XL:     5   Next: 51%
Magic:  4/4        EV:  1    Int:  3    God:    Trog [**....]
Gold:   126        SH:  0    Dex:  9    Spells: 4/4 levels left

rFire   + . .      SeeInvis .     - Unarmed
rCold   . . .      Faith    .   (no shield)
rNeg    . . .      Spirit   .   a - +0 animal skin
rPois   .          Reflect  .   (helmet restricted)
rElec   .          Harm     .   l - +1 cloak
rCorr   .          Rampage  .   (gloves unavailable)
Will    .....                   (boots unavailable)
Stlth   +.........              (no amulet)
HPRegen 1.17/turn               k - ring of protection from fire
MPRegen 0.09/turn               (no ring)

@: paralysed
A: large, unfitting armour, claws 3, regeneration 1, shaggy fur 1, tough skin 1
a: Renounce Religion, Berserk, Trog's Hand


You were on level 3 of the Dungeon.
You worshipped Trog.
Trog was pleased with you.
You visited 1 branch of the dungeon, and saw 3 of its levels.

You collected 126 gold pieces.

Inventory:

Missiles
 c - 32 poisoned darts (quivered)
Armour
 a - a +0 animal skin (worn)
 e - a +2 pair of gloves
 l - a +1 cloak (worn)
Jewellery
 k - a ring of protection from fire (left claw)
 n - a +4 ring of evasion
Wands
 o - a wand of polymorph (8)
Scrolls
 g - a scroll of immolation
 i - a scroll of amnesia {unknown}
 j - 3 scrolls of vulnerability {unknown}
 m - a scroll of torment
 p - a scroll of holy word {unknown}
Potions
 b - a potion of degeneration {unknown}
 d - 2 potions of might {unknown}
 f - a potion of curing {unknown}
 h - 2 potions of attraction {unknown}


   Skills:
 + Level 3.0 Fighting
 + Level 3.4 Dodging
 + Level 0.6 Stealth
 + Level 4.8 Unarmed Combat


You had 4 spell levels left.
You didn't know any spells.
Your spell library contained the following spells:

 Spells                   Type           Power      Damage    Failure   Level
 Apportation              Tloc           0%         N/A       52%         1
 Corona                   Hex            0%         N/A       52%         1
 Ensorcelled Hibernation  Hex/Ice        0%         N/A       67%         2
 Ozocubu's Armour         Ice            0%         N/A       88%         3
 Portal Projectile        Hex/Tloc       0%         N/A       88%         3
 Tukima's Dance           Hex            0%         N/A       88%         3
 Ozocubu's Refrigeration  Ice            0%         4d5       100%        7
 Borgnjor's Revivificati  Necr           0%         N/A       100%        8
 Necromutation            Tmut/Necr      0%         N/A       100%        8


Dungeon Overview and Level Annotations

Branches:
Dungeon (3/15)

Altars:

Annotations:
D:3 Grinder


Innate Abilities, Weirdness & Mutations

You are too large for most types of armour.
You have claws for hands.
Your natural rate of healing is unusually fast.
You are covered in fur. (AC +1)
You have tough skin. (AC +1)


Message History

Pain shoots through your body!
You recover from your berserk rage.
Grinder gestures at you.
You suddenly lose the ability to move!
Grinder hits you.
You writhe in agony.
You can move again.
Your skin crawls.
You feel strong-willed.
You feel the effects of Trog's Hand fading.
Grinder hits you but does no damage. Grinder barely misses you.
Grinder closely misses you.
You barely miss Grinder. Grinder hits you.
You writhe in agony.
You closely miss Grinder.
Grinder blinks! x2
Grinder hits you.
You writhe in agony.
Grinder barely misses you.
You closely miss Grinder. Grinder hits you.
You writhe in agony.
You closely miss Grinder.
Your skin stops crawling.
You feel less strong-willed. Grinder hits you but does no damage.
You closely miss Grinder.
Grinder blinks!
Grinder gestures at you.
You barely resist.
Grinder blinks!
You mangle Grinder!!
Grinder is heavily wounded.
Grinder gestures at you.
You suddenly lose the ability to move!
Grinder hits you.
You writhe in agony.
Grinder gestures at you.
You shrug off the repeated paralysis!
Grinder hits you. x2
* * * LOW HITPOINT WARNING * * *
Grinder gestures at you. Pain shoots through your body!
* * * LOW HITPOINT WARNING * * *
Grinder gestures at you.
You shrug off the repeated paralysis!
Grinder hits you.
* * * LOW HITPOINT WARNING * * *
You writhe in agony.
You die...

............).).....##
#....(......#........#
##............)....#.
#......##....(.....# ###
......)).....<....>#...#
##....)..###.....)..# .
#.............##.#.##...
#.......####..5#)#......
##......####...@........
##.............#..#####( #
#....)..#.............# .#
#[......#..........##.### ..##
#..............#........##....#
##............................#
##.....................#####.#
.....###..................#
.#### #................#.#


You could see Grinder (fast).

Vanquished Creatures
  Crazy Yiuf (D:2)
  An iguana (D:2)
  An orc wizard (D:3)
  Robin (D:3)
  2 adders (D:2)
  A worm (D:1)
  7 orcs (D:3)
  7 ball pythons
  2 bats (D:1)
  An endoplasm (D:2)
  A giant cockroach (D:1)
  18 goblins
  7 hobgoblins
  7 jackals
  5 quokkas
  3 frilled lizards (D:1)
  6 kobolds
  5 rats
76 creatures vanquished.

Notes
Turn   | Place    | Note
-------+----------+-------------------------------------------
     0 | D:1      | popfantom the Troll Berserker began the quest for the Orb.
     0 | D:1      | Reached XP level 1. HP: 22/22 MP: 0/0
   186 | D:1      | Reached XP level 2. HP: 29/29 MP: 1/1
   449 | D:1      | Found a faded altar of an unknown god.
   475 | D:1      | Reached XP level 3. HP: 36/36 MP: 2/2
   577 | D:1      | Reached ** piety under Trog
  1299 | D:2      | Got the Incunabulum of Success
  1585 | D:2      | Reached XP level 4. HP: 43/44 MP: 3/3
  1692 | D:2      | Found a runed translucent door.
  1693 | D:2      | Noticed Crazy Yiuf
  1723 | D:2      | Killed Crazy Yiuf
  1724 | D:2      | Reached skill level 4 in Unarmed Combat
  1874 | D:3      | Noticed Robin
  1922 | D:2      | Reached XP level 5. HP: 34/53 MP: 4/4
  1979 | D:3      | Killed Robin
  2090 | D:3      | Noticed Grinder
  2104 | D:3      | Paralysed by Grinder for 2 turns
  2118 | D:3      | Paralysed by Grinder for 7 turns
  2123 | D:3      | HP: 1/53 [Grinder (4)]
  2123 | D:3      | Slain by Grinder

Illustrated notes

Levels and vault maps discovered:
D:1:      dpeg_arrival_brainrot, layout_basic, hellmonk_ecumenical_altar_blasted
D:2:      layout_loops_ring, minmay_ruptured, uniq_crazy_yiuf_cottage
D:3:      layout_rooms, portal_sewer_entry_b, guppyfry_early_orc_mine,
          uniq_robin, uniq_grinder

Skill      XL: |  1  2  3  4 |
---------------+-------------+-----
Dodging        | 3 |  3.4
Unarmed Combat | 4 |  4.8
Fighting       | 3 |  3.0
Stealth        | |  0.6

Action                   |  1- 3 |  4- 6 || total
-------------------------+-------+-------++-------
Melee: Unarmed           |   132 |    82 ||   214
       Punch             |     3 |     1 ||     4
Invok: Berserk           |       |     3 ||     3
       Trog's Hand       |       |     2 ||     2
  Use: Scroll            |     2 |       ||     2
 Stab: Sleeping          |     1 |       ||     1
Armor: Animal skin       |    69 |    58 ||   127
       Skin              |       |    13 ||    13
Dodge: Dodged            |    88 |    70 ||   158

Table legend: (Time is in decaauts)
 A = Elapsed time spent in this place.
 B = Non-inter-level travel time spent in this place.
 C = Inter-level travel time spent in this place.
 D = Time resting spent in this place.
 E = Time spent auto-exploring this place.
 F = Levels seen in this place.
 G = Mean time per level.
                   A        B        C        D        E       F      G
               +--------+--------+--------+--------+--------+-----+--------+
         Total |   2140 |   2140 |      0 |     38 |    987 |   3 |  713.3 |
       Dungeon |   2140 |   2140 |      0 |     38 |    987 |   3 |  713.3 |
               +--------+--------+--------+--------+--------+-----+--------+

Top non-repeatable levels by time:
     D:1: 1079 daAuts
     D:2: 842 daAuts
     D:3: 218 daAuts
